 Dungeon Crawl Stone Soup version 0.31-a0-331-geda263fcf1 (webtiles) character file.

Game seed: 2565671957817748613

62309 Shard1697 the Spear-Bearer (level 14, 0/121 HPs)
             Began as a Grey Draconian Ice Elementalist on July 19, 2023.
             Was a Believer of Yredelemnul.
             Slain by a red draconian scorcher
             ... wielding a +0 whip
             ... summoned by Mlioglotl
              (8 damage)
             ... on level 1 of the Swamp on July 20, 2023.
             The game lasted 00:34:08 (16608 turns).

Shard1697 the Spear-Bearer (DrIE)                  Turns: 16608, Time: 00:34:08

Health: 0/121      AC: 18    Str: 21      XL:     14   Next: 63%
Magic:  22/22      EV: 14    Int: 16 (19) God:    Yredelemnul [**....]
Gold:   957        SH: 22    Dex: 12      Spells: 15/22 levels left

rFire   + . .        a - +7 trident "Laladgh" {speed, rElec rF+ rN+ Str+3}
rCold   + . .        z - +0 tower shield {rC+}
rNeg    + . .        (body armour unavailable)
rPois   .            (helmet restricted)
rElec   +            j - +0 cloak
rCorr   +            u - +1 pair of gloves
SInv    .            w - +1 pair of boots
Will    +....        y - amulet of reflection
Stlth   ++           v - ring of resist corrosion
HPRegen 0.40/turn    s - +6 ring of strength
MPRegen 0.18/turn

%: reflection
@: mighty, afraid
A: AC +13, amphibious, unfitting armour, cold-blooded
a: Renounce Religion, Recall Undead Harvest, Dark Bargain


You were on level 1 of the Swamp.
You worshipped Yredelemnul.
Yredelemnul was aware of your devotion.
You visited 3 branches of the dungeon, and saw 17 of its levels.
You also visited: Ice Cave.

You collected 957 gold pieces.

Inventory:

Hand Weapons
 a - the +7 trident "Laladgh" (weapon) {speed, rElec rF+ rN+ Str+3}
   (You took it off a spriggan rider on level 5 of the Lair of Beasts)

   Str:       It affects your strength (+3).
   rF:        It protects you from fire.
   rElec:     It insulates you from electricity.
   rN:        It protects you from negative energy.
 C - a +0 glaive
 D - a +2 demon whip of freezing
Missiles
 n - a throwing net
Armour
 j - a +0 cloak (worn)
 u - a +1 pair of gloves (worn)
 w - a +1 pair of boots (worn)
 z - a +0 tower shield of cold resistance (worn)
Jewellery
 s - a +6 ring of strength (right hand)
 v - a ring of resist corrosion (left hand)
 y - an amulet of reflection (around neck)
 A - a +6 ring of intelligence
 H - a ring of wizardry
Wands
 b - a wand of light (16)
 i - a wand of digging (6)
 o - a wand of mindburst (13)
 q - a wand of charming (14)
 t - a wand of flame (35)
 I - a wand of iceblast (8)
Scrolls
 l - 5 scrolls of teleportation
 p - 4 scrolls of fog
 B - a scroll of identify
 K - 2 scrolls of enchant weapon
 N - 3 scrolls of vulnerability
Potions
 c - 4 potions of cancellation
 d - 2 potions of might
 e - 2 potions of lignification
 f - 9 potions of curing
 g - 2 potions of degeneration
 h - 2 potions of haste
 k - 6 potions of magic
 m - a potion of mutation
 r - 6 potions of ambrosia
 E - a potion of brilliance
 F - 2 potions of resistance
 G - 2 potions of invisibility {unknown}
 L - a potion of attraction {unknown}
Miscellaneous
 x - a condenser vane


   Skills:
 - Level 10.1 Fighting
 - Level 14.0 Polearms
 + Level 9.0 Dodging
 - Level 1.7 Stealth
 + Level 13.7 Shields
 - Level 4.5 Spellcasting
 - Level 6.0 Ice Magic
 - Level 11.0 Invocations


You had 15 spell levels left.
You knew the following spells:

 Your Spells              Type           Power      Damage    Failure   Level
a - Freeze                Ice            88%        1d9       4%          1
b - Frozen Ramparts       Ice            44%        1d7       12%         3
c - Ozocubu's Armour      Ice            22%        N/A       12%         3

Your spell library contained the following spells:

 Spells                   Type           Power      Damage    Failure   Level
 Kiss of Death            Conj/Necr      12%        2d6       43%         1
 Summon Small Mammal      Summ           12%        N/A       43%         1
 Blink                    Tloc           6%         N/A       58%         2
 Lesser Beckoning         Tloc           6%         N/A       58%         2
 Momentum Strike          Conj/Tloc      6%         3d8       58%         2
 Summon Ice Beast         Ice/Summ       13%        N/A       80%         4
 Call Canine Familiar     Summ           3%         N/A       82%         3
 Confusing Touch          Hex            3%         N/A       82%         3
 Summon Guardian Golem    Hex/Summ       3%         N/A       82%         3
 Vhi's Electric Charge    Tloc/Air       6%         N/A       82%         3
 Dispel Undead            Necr           3%         3d7       99%         4
 Arcjolt                  Conj/Air       1%         1d11      100%        5
 Borgnjor's Vile Clutch   Necr/Erth      1%         N/A       100%        5
 Fireball                 Conj/Fire      1%         3d3       100%        5
 Iskenderun's Battlesphe  Conj           3%         2d6       100%        5
 Conjure Ball Lightning   Conj/Air       1%         3x3d6     100%        6
 Orb of Destruction       Conj           1%         9d5       100%        7
 Maxwell's Capacitive Co  Air            1%         ∞         100%        8
 Animate Dead             Necr           Unusable   N/A       N/A         4
 Death Channel            Necr           Unusable   N/A       N/A         6

Dungeon Overview and Level Annotations

Branches:
Dungeon (11/15)            Temple (0/1) D:7            Lair (5/5) D:11
  Swamp (1/4) Lair:2       Spider (0/4) Lair:3        Slime (0/5) Lair:4
  IceCv (visited)
    Orc: D:9-12

Altars:
Ashenzari
Kikubaaqudgha
Okawaru
Ru
Sif Muna
Wu Jian
Xom
Yredelemnul
Jiyva

Annotations:
D:11 3 runed translucent doors, HallandMoats's ghost, journeyman DsBr
Lair:1 3 runed translucent doors, Edyrem's ghost, journeyman TeHu
Swamp:1 Mlioglotl


Innate Abilities, Weirdness & Mutations

Your dull iron-grey scales are very hard. (AC +13)
You are amphibious.
You cannot fit into any form of body armour.
You are cold-blooded and may be slowed by cold attacks.


Message History

Mlioglotl is severely wounded.
You block Mlioglotl's attack. Mlioglotl tramples you.
You hold your ground!
The spriggan rider closely misses you.
You puncture Mlioglotl!
Mlioglotl is severely wounded.
Mlioglotl hits you!!
* * * LOW HITPOINT WARNING * * *
Mlioglotl misses you.
You puncture Mlioglotl!
Mlioglotl is almost dead.
Mlioglotl hits you.
* * * LOW HITPOINT WARNING * * *
Mlioglotl misses you. You block the spriggan rider's attack.
You hit Mlioglotl but do no damage. You tail-slap Mlioglotl.
Mlioglotl is almost dead.
The red draconian scorcher hits you with a +0 whip.
* * * LOW HITPOINT WARNING * * *
Mlioglotl churns violently!
Mlioglotl radiates an aura of fear!
You are terrified of Mlioglotl!
You puncture Mlioglotl!
You tail-slap Mlioglotl, but do no damage.
Mlioglotl is almost dead.
The glowing orange brain pulsates.
You feel dopey. Something feeds on your intellect!
You block the spriggan rider's attack.
You block the red draconian scorcher's attack.
Mlioglotl churns violently!
Mlioglotl corrupts the dungeon around him!
The cyan very ugly thing gurgles horribly!
You attempt to attack Mlioglotl, but flinch away in fear!
The raiju barks!
You block the raiju's attack.
You attempt to attack Mlioglotl, but flinch away in fear!
Mlioglotl hits you!
* * * LOW HITPOINT WARNING * * *
You block Mlioglotl's attack. You block the spriggan rider's attack.
The red draconian scorcher hits you with a +0 whip!
You die...
Your body rises from the dead as a mindless zombie.

~~~~~~~.......Z..~.♣
~~~.~~....#####....♣
♣~..~~..#...#.Z#...♣
♣♣♣.~....#.....#..~♣
♣...~..#...#..#...♣
♣...~..##..####....~
♣......#÷..#..#......
♣.~....#..#ZZ.+....♣♣.
####@###...~~
......hqXxu.♣
..~.#.i#XG...♣
♣..~♣..♣♣3~~♣♣ ♣♣♣ ...
~~~♣ ...$ ♣~.h~ .≈≈..
♣~... ≈~≈.≈≈ ♣..#


You could see Mlioglotl (strong, scary, ally target), a cyan very ugly thing
(summoned), a red draconian scorcher (summoned), a spriggan rider, a glowing
orange brain (summoned), a large abomination (summoned), 2 raiju, a ynoxinul
(summoned), a small abomination (summoned), a friendly hornet zombie and a
friendly spriggan rider zombie.

Vanquished Creatures
  4 hydras
  A catoblepas (Lair:5)
  A boulder beetle (Lair:1)
  2 two-headed ogres
  2 alligators
  3 death yaks
  A spriggan druid (Lair:2)
  A bog body (Swamp:1)
  A swamp dragon (Swamp:1)
  A lindwurm (Lair:5)
  An ugly thing (D:11)
  2 will-o-the-wisps (Swamp:1)
  A manticore (Lair:5)
  8 elephants (Lair:5)
  An ice statue (IceCv)
  3 black mambas
  6 cane toads
  5 rime drakes (IceCv)
  Maggie (D:7)
  2 komodo dragons (Lair:1)
  A queen bee (D:10)
  5 polar bears
  3 trolls
  A tyrant leech (Swamp:1)
  4 hornets
  2 dream sheep (Lair:5)
  A blink frog (Lair:3)
  Grinder (D:6)
  23 yaks
  A wraith (D:9)
  5 spriggans
  3 wyverns
  A basilisk (Lair:1)
  2 steam dragons
  Menkaure (D:7)
  2 vampire mosquitoes (D:11)
  2 acid dragons
  12 water moccasins
  2 orc warriors
  11 wolves
  3 centaurs
  2 phantoms
  2 kobold brigands
  10 bullfrogs
  2 gnoll sergeants
  A two-headed ogre simulacrum (D:11)
  5 scorpions
  11 wights
  31 killer bees
  6 howler monkeys
  An electric eel (Lair:5)
  2 jellies (Lair:4)
  4 hounds
  A gnoll bouda (D:8)
  8 orc priests
  Ijyb (D:5)
  3 sleepcaps
  2 iguanas
  13 orc wizards
  A spriggan simulacrum (D:11)
  Robin (D:4)
  7 adders
  15 gnolls
  A naga simulacrum (D:11)
  An ufetubus (D:6)
  A worm (D:3)
  A dart slug (D:1)
  34 orcs
  5 endoplasms
  A giant cockroach (D:3)
  14 goblins
  9 hobgoblins
  12 jackals
  10 kobolds
  4 quokkas
  8 ball pythons
  3 bats
  6 frilled lizards
  6 rats
378 creatures vanquished.

Vanquished Creatures (collateral kills)
  The ghost of Newt the Skirmisher, a journeyman DsGl of Hepliaklqana (Lair:5)
  A hydra (Lair:5)
  A catoblepas (Lair:5)
  A boulder beetle (D:11)
  A two-headed ogre (D:11)
  3 death yaks
  Amaemon (Lair:2)
  2 spriggan riders
  A bog body (Lair:2)
  An ugly thing (IceCv)
  3 oklob plants (D:11)
  A manticore (Lair:5)
  8 elephants (Lair:5)
  A black mamba (Lair:2)
  A slime creature (Lair:4)
  An orange demon (Lair:2)
  5 cane toads
  4 rime drakes (IceCv)
  3 torpor snails
  3 komodo dragons
  2 polar bears (IceCv)
  A hornet (Lair:5)
  9 blink frogs
  8 dream sheep (Lair:5)
  2 spriggans
  2 wyverns (Lair:5)
  22 yaks
  A wraith (D:11)
  2 basilisks
  A vampire mosquito (D:11)
  7 water moccasins
  A black bear (Lair:2)
  An ogre (D:5)
  6 wolves
  6 bullfrogs
  A water moccasin zombie (Lair:1)
  A wight (D:8)
  5 killer bees
  2 electric eels (Lair:5)
  An iguana (D:4)
  3 orc wizards
  An adder (D:6)
  6 orcs
  A giant cockroach (D:2)
  A kobold (D:4)
136 creatures vanquished.

Vanquished Creatures (others)
  A spectral frost giant (Lair:5)
  A swamp dragon (Swamp:1)
  A death yak zombie (IceCv)
  A bloated husk (Swamp:1)
  An alligator zombie (Swamp:1)
  2 black mamba zombies (Lair:5)
  A cane toad zombie (Lair:5)
  A manticore zombie (Lair:5)
  A swamp dragon zombie (Swamp:1)
  3 elephant zombies (Lair:5)
  A hornet zombie (D:10)
  A blink frog zombie (Lair:3)
  5 water moccasin zombies
  A spectral boggart (Swamp:1)
  4 yak zombies
  A spriggan zombie (Swamp:1)
  A troll zombie (D:10)
  4 wolf zombies
  4 bullfrog zombies
  A centaur zombie (D:11)
  A scorpion zombie (D:4)
  5 killer bee zombies (D:10)
  An acid dragon zombie (D:8)
  2 hound zombies
  3 howler monkey zombies
  5 gnoll zombies
  An endoplasm zombie (D:4)
  2 goblin zombies (D:4)
  3 hobgoblin zombies (D:4)
  A jackal zombie (D:4)
  A kobold zombie (D:9)
  10 orc zombies
  14 foxfires (Swamp:1)
85 creatures vanquished.

Grand Total: 599 creatures vanquished

Notes
Turn   | Place    | Note
-------+----------+-------------------------------------------
     0 | D:1      | Shard1697 the Draconian Ice Elementalist began the quest
                  | for the Orb.
     0 | D:1      | Reached XP level 1. HP: 14/14 MP: 3/3
   146 | D:1      | Found a faded altar of an unknown god.
   221 | D:1      | Reached XP level 2. HP: 16/20 MP: 0/5
   638 | D:1      | Prayed at the altar of an unknown god.
   638 | D:1      | Became a worshipper of Yredelemnul the Dark
   638 | D:1      | Reached * piety under Yredelemnul
   963 | D:2      | Reached XP level 3. HP: 22/26 MP: 2/7
   971 | D:2      | Learned a level 3 spell: Frozen Ramparts
   975 | D:2      | Learned a level 3 spell: Ozocubu's Armour
  1285 | D:2      | Found a sacrificial altar of Ru.
  1825 | D:3      | Identified the +12 spear "Amonio" {freeze, Dex+5}
  1935 | D:3      | Found an ancient bone altar of Kikubaaqudgha.
  2348 | D:3      | Reached XP level 4. HP: 33/33 MP: 8/8
  2437 | D:3      | Found a shimmering blue altar of Sif Muna.
  2446 | D:3      | Reached skill level 5 in Ice Magic
  2453 | D:3      | Reached ** piety under Yredelemnul
  2717 | D:4      | Noticed Robin
  2807 | D:4      | Noticed a scorpion
  2813 | D:4      | Killed a scorpion
  2814 | D:4      | Reached XP level 5. HP: 28/38 MP: 10/10
  2824 | D:4      | Killed Robin
  3029 | D:4      | Noticed a phantom
  3033 | D:4      | Killed a phantom
  3034 | D:4      | Reached XP level 6. HP: 40/45 MP: 12/12
  3067 | D:4      | Reached skill level 1 in Fighting
  3067 | D:4      | Reached skill level 1 in Polearms
  3076 | D:4      | Reached skill level 2 in Polearms
  3104 | D:4      | Your scales start taking on a dull iron-grey colour.
  3104 | D:4      | Reached XP level 7. HP: 48/56 MP: 13/13
  3254 | D:4      | Reached skill level 3 in Polearms
  3590 | D:5      | Entered Level 5 of the Dungeon
  3758 | D:5      | Reached skill level 4 in Polearms
  3785 | D:5      | Noticed Ijyb
  3792 | D:5      | Killed Ijyb
  3948 | D:5      | Reached XP level 8. HP: 67/67 MP: 14/14
  3952 | D:5      | Reached skill level 5 in Polearms
  3988 | D:5      | Reached skill level 5 in Fighting
  4202 | D:5      | Reached skill level 1 in Invocations
  4684 | D:6      | Reached skill level 6 in Polearms
  4733 | D:6      | Noticed Grinder
  4745 | D:6      | Killed Grinder
  4969 | D:6      | Reached skill level 7 in Polearms
  4971 | D:6      | Reached XP level 9. HP: 71/75 MP: 15/15
  5019 | D:6      | Reached *** piety under Yredelemnul
  5512 | D:7      | Identified the +3 long sword "Saeqache" {protect, rElec
                  | rC+}
  5513 | D:7      | Noticed Maggie
  5584 | D:7      | Found an ornate altar of the Wu Jian Council.
  5590 | D:7      | Found a staircase to the Ecumenical Temple.
  5849 | D:7      | Noticed a two-headed ogre
  5850 | D:7      | Noticed Menkaure
  5855 | D:7      | Killed a two-headed ogre
  5856 | D:7      | Reached skill level 8 in Polearms
  5859 | D:7      | Killed Menkaure
  5988 | D:7      | Reached skill level 5 in Invocations
  6361 | D:7      | Killed Maggie
  6379 | D:7      | Found a shimmering altar of Xom.
  6501 | D:8      | Reached skill level 9 in Polearms
  6645 | D:8      | Reached XP level 10. HP: 88/88 MP: 16/16
  6829 | D:8      | Reached **** piety under Yredelemnul
  7044 | D:8      | Reached skill level 1 in Shields
  8137 | D:10     | Entered Level 10 of the Dungeon
  8364 | D:10     | Reached skill level 10 in Polearms
  8490 | D:10     | Reached XP level 11. HP: 97/97 MP: 17/17
  8762 | D:10     | Found an iron altar of Okawaru.
  8771 | D:10     | Found a broken altar of Ashenzari.
  8879 | D:10     | Noticed a two-headed ogre
  8885 | D:10     | Killed a two-headed ogre
  8975 | D:11     | Noticed a purple ugly thing
  8985 | D:11     | Killed a purple ugly thing
  9047 | D:11     | Found a frozen archway.
  9068 | IceCv    | Entered an ice cave
  9076 | IceCv    | Reached skill level 5 in Shields
  9147 | IceCv    | Reached skill level 10 in Fighting
  9239 | IceCv    | Reached skill level 11 in Polearms
  9485 | IceCv    | Reached ***** piety under Yredelemnul
  9505 | IceCv    | Reached ****** piety under Yredelemnul
  9542 | IceCv    | Noticed a death yak
  9566 | IceCv    | Killed a death yak
  9655 | IceCv    | Noticed a death yak
  9655 | IceCv    | Noticed a frost giant
  9673 | IceCv    | Killed a death yak
  9674 | IceCv    | Reached XP level 12. HP: 47/106 MP: 10/19
  9687 | IceCv    | Killed a frost giant
  9687 | IceCv    | Enslaved a frost giant
  9981 | IceCv    | Noticed a death yak
  9995 | IceCv    | Killed a death yak
 10003 | IceCv    | Reached skill level 10 in Invocations
 10173 | D:11     | Found a runed translucent gate.
 10176 | D:11     | Found a runed translucent gate.
 10176 | D:11     | Found a runed translucent gate.
 10176 | D:11     | Noticed HallandMoats's ghost (journeyman DsBr)
 10177 | D:11     | Found a viscous altar of Jiyva.
 10186 | D:11     | Noticed a two-headed ogre
 10191 | D:11     | Killed a two-headed ogre
 10281 | D:11     | Found a staircase to the Lair.
 10295 | D:11     | Reached skill level 12 in Polearms
 10547 | D:11     | Noticed a boulder beetle
 10567 | D:11     | Killed a boulder beetle
 10874 | Lair:1   | Entered Level 1 of the Lair of Beasts
 11015 | Lair:1   | Found a runed translucent gate.
 11015 | Lair:1   | Found a runed translucent gate.
 11015 | Lair:1   | Found a runed translucent gate.
 11028 | Lair:1   | You fall into a shaft and drop 1 floor!
 11099 | Lair:2   | Noticed Amaemon
 11109 | Lair:2   | Killed Amaemon
 11293 | Lair:1   | Noticed a boulder beetle
 11305 | Lair:1   | Killed a boulder beetle
 11306 | Lair:1   | Reached XP level 13. HP: 113/113 MP: 21/21
 11400 | Lair:1   | Reached skill level 13 in Polearms
 11558 | Lair:1   | Noticed Edyrem's ghost (journeyman TeHu)
 11970 | Lair:2   | Found a staircase to the Swamp.
 12161 | Lair:3   | Reached skill level 10 in Shields
 12458 | Lair:3   | Found a hole to the Spider Nest.
 12870 | Lair:4   | Found a staircase to the Slime Pits.
 12874 | Lair:4   | Reached skill level 14 in Polearms
 13741 | Lair:5   | Entered Level 5 of the Lair of Beasts
 13788 | Lair:5   | Reached skill level 5 in Dodging
 13821 | Lair:5   | Found a runed translucent door.
 13826 | Lair:5   | Noticed Newt's ghost (journeyman DsGl)
 13827 | Lair:5   | Identified the +7 trident "Laladgh" {speed, rElec rF+ rN+
                  | Str+3}
 14486 | Lair:5   | Reached XP level 14. HP: 121/121 MP: 22/22
 14855 | Lair:5   | Identified the +0 flail "Boomp" {heavy, rElec Int+3}
 15298 | Lair:5   | Killed Newt's ghost
 15556 | Swamp:1  | Entered Level 1 of the Swamp
 16584 | Swamp:1  | Noticed Mlioglotl
 16591 | Swamp:1  | Noticed a red draconian scorcher
 16606 | Swamp:1  | Noticed a cyan very ugly thing
 16608 | Swamp:1  | Slain by a red draconian scorcher

Illustrated notes

Levels and vault maps discovered:
D:1:      dpeg_arrival_rooms_b, layout_loops_ring,
          shapermc_ecumenical_altar_ellora
D:2:      layout_basic, basic_altar, corexii_corridor_pit,
          nicolae_figureground_pulse
D:3:      layout_loops_corners, nicolae_kikubaaqudgha_miasma_corner,
          kennysheep_orc_sif_temple
D:4:      layout_loops_ring, uniq_robin
D:5:      layout_loops_ring, chequers_serial_rivers_large_a, uniq_ijyb
D:6:      layout_gridville, uniq_grinder
D:7:      layout_gridville, lemuel_coloured_pillars_altar,
          general_overflow_altar, minmay_temple_entry_ruins, uniq_menkaure,
          uniq_maggie
D:8:      layout_gridville, minmay_diced_spiral
D:9:      layout_loops_cross, chequers_garden
D:10:     layout_roguey [special_room_bee], mainiacjoe_overflow_swirl
D:11:     layout_rooms, dpeg_oklobed_lair, portal_ice_cave_entry_ice_simulacra,
          gammafunk_ghost_ooze
Lair:1:   layout_misc_corridors, gammafunk_ghost_icy,
          pdpol_lair_neglected_garden
Lair:2:   layout_roguey, skrybe_swamp_entry_bodies, uniq_amaemon
Lair:3:   layout_misc_corridors, spider_nest_entry_web_field,
          infiniplex_staircase_pool_2
Lair:4:   layout_regular_city, minmay_slime_entry_pillars
Lair:5:   hangedman_lair_in_review, layout_long_grid,
          ebering_ghost_funeral_grove, minivault_23,
          nicolae_quartered_pool_medium, serial_bayou_shore_a
Swamp:1:  layout_falls_marsh, serial_swamp_ruin, evilmike_swamp_ruin_house_2,
          evilmike_swamp_ruin_house_1, evilmike_swamp_ruin_rubble_1,
          swamp_pool4, nicolae_swamp_feature_on_the_river_bank, uniq_mlioglotl,
          uniq_louise

Skill      XL: |  1  2  3  4  5  6  7  8  9 10 11 12 13 14 |
---------------+-------------------------------------------+-----
Spellcasting   | 3 4 |  4.5
Ice Magic      | 5 6 |  6.0
Fighting       | 2 4 6 7 9 10 | 10.1
Polearms       | 2 4 7 9 10 11 12 14 | 14.0
Invocations    | 3 5 7 9 11 | 11.0
Shields        | 4 5 9 12 13 | 13.7
Dodging        | 3 4 6 9 |  9.0
Stealth        | |  1.7

Action                     |  1- 3 |  4- 6 |  7- 9 | 10-12 | 13-15 || total
---------------------------+-------+-------+-------+-------+-------++-------
  Melee: Whip              |    56 |       |       |       |       ||    56
         Dagger            |     2 |       |       |       |       ||     2
         Tailslap          |     9 |     2 |    15 |    77 |    81 ||   184
         Falchion          |    23 |       |       |       |       ||    23
         Spear             |    18 |    61 |   213 |   583 |   345 ||  1220
         Punch             |       |     1 |     1 |       |       ||     2
         Trident           |       |       |       |       |   135 ||   135
   Cast: Freeze            |    18 |       |       |       |       ||    18
         Frozen Ramparts   |       |     2 |       |       |       ||     2
         Ozocubu's Armour  |       |     1 |       |     1 |       ||     2
 Invoke: Dark Bargain      |       |       |     1 |     1 |       ||     2
         Bind Soul         |       |       |       |     1 |     1 ||     2
         Recall Undead Har |       |       |       |     2 |     2 ||     4
         Drain Life        |       |       |       |       |     4 ||     4
    Use: Scroll            |       |       |     5 |     7 |     5 ||    17
         Potion            |       |       |     1 |     7 |     3 ||    11
   Stab: Sleeping          |     7 |     2 |     5 |       |     6 ||    20
         Distracted        |       |       |     1 |     8 |     7 ||    16
         Petrifying        |       |       |       |       |     1 ||     1
 Armour: Skin              |    28 |    18 |    50 |   151 |    82 ||   329
  Dodge: Dodged            |    57 |    24 |    64 |   120 |    77 ||   342
  Block: Buckler           |       |       |       |    81 |       ||    81
         Reflection        |       |       |       |     9 |     1 ||    10
         Tower shield      |       |       |       |    51 |   318 ||   369

Table legend: (Time is in decaauts)
 A = Elapsed time spent in this place.
 B = Non-inter-level travel time spent in this place.
 C = Inter-level travel time spent in this place.
 D = Time resting spent in this place.
 E = Time spent auto-exploring this place.
 F = Levels seen in this place.
 G = Mean time per level.
                   A        B        C        D        E       F      G
               +--------+--------+--------+--------+--------+-----+--------+
         Total |  16202 |  15576 |    626 |   1792 |  10395 |  18 |  900.1 |
       Dungeon |   9636 |   9182 |    454 |    230 |   7150 |  11 |  876.0 |
          Lair |   5063 |   4891 |    172 |    832 |   2971 |   5 | 1012.6 |
         Swamp |    504 |    504 |      0 |    229 |    157 |   1 |  504.0 |
      Ice Cave |    998 |    998 |      0 |    501 |    117 |   1 |  998.0 |
               +--------+--------+--------+--------+--------+-----+--------+

Top non-repeatable levels by time:
  Lair:5: 1708 daAuts
     D:6: 1228 daAuts
  Lair:2: 1131 daAuts
   IceCv: 998 daAuts
     D:3: 962 daAuts
     D:2: 951 daAuts
     D:7: 921 daAuts
  Lair:4: 883 daAuts
     D:1: 879 daAuts
     D:8: 828 daAuts
    D:11: 818 daAuts
     D:4: 815 daAuts
    D:10: 766 daAuts
     D:9: 760 daAuts
  Lair:3: 723 daAuts
